Map: Seething Jungle

Players

ARFCTxSeraph - Winner!

  • Race: Terran Terran
  • Spawn Location: 7:00

Zakur - Winner!

  • Race: Protoss Protoss
  • Spawn Location: 6:00

Duncan

  • Race: Protoss Protoss
  • Spawn Location: 1:00

EdibleDXX

  • Race: Terran Terran
  • Spawn Location: 12:00

VOD

Have the link to the VOD?

Description

Time

  • Played on: Dec. 22, 2015, 10:55 p.m.
  • Length: 17:46
Show
View Real Time Build Order
Export as new Build Order

ARFCTxSeraph Terran - Winner!

Build Orders: MMM Bio 

Get SALT Encoding   

  12  0:03  SCV  
  13  0:15  SCV  
  14  0:25  Supply Depot  
  14  0:27  SCV  
  15  0:35  Refinery  
  15  0:46  SCV  
  16  0:52  Supply Depot  
  16  0:58  SCV  
  17  1:07  Refinery  
  17  1:10  SCV  
  18  1:15  Barracks  
  18  1:33  SCV  
  19  1:45  SCV  
  20  1:57  SCV  
  21  2:02  Barracks  
  21  2:24  Marine  
  22  2:34  Command Center  
  22  2:38  Orbital Command  
  22  2:42  Marine  
  23  2:50  Barracks Reactor  
  23  3:00  Marine  
  24  3:09  Engineering Bay  
  24  3:10  Engineering Bay  
  24  3:12  SCV  
  25  3:24  SCV  
  28  3:36  SCV, Reaper x2  
  28  3:37  Barracks Tech Lab  
  29  3:43  Terran Infantry Weapons Level 1  
  29  3:49  SCV  
  29  3:52  SCV  
  31  3:57  Terran Infantry Armor Level 1  
  31  4:01  SCV  
  32  4:04  SCV  
  32  4:08  Reaper x2  
  32  4:09  Sensor Tower  
  35  4:16  SCV  
  36  4:23  Refinery  
  36  4:25  Combat Shields  
  36  4:49  Marine  
  36  4:50  Marine  
  36  4:51  Marauder  
  40  5:07  Marine x2  
  40  5:12  Marauder  
  40  5:59  Marauder  
  40  6:00  Marine x2  
  44  6:06  Concussive Shells  
  44  6:16  Factory  
  44  6:18  Marine x2  
  46  6:19  Orbital Command  
  46  6:25  Refinery  
  46  6:32  Supply Depot  
  46  6:33  Supply Depot  
  46  6:50  SCV, Stimpack, Marauder  
  46  6:52  SCV  
  50  6:55  Supply Depot  
  50  7:01  Starport  
  50  7:02  SCV  
  50  7:04  SCV, Starport  
  52  7:09  Factory  
  52  7:14  SCV  
  53  7:16  SCV  
  54  7:29  Missile Turret  
  54  7:32  Missile Turret  
  54  7:39  Armory  
  54  7:48  Starport Tech Lab x2  
  54  7:52  Factory Tech Lab x2  
  54  7:54  Missile Turret  
  54  7:55  Missile Turret  
  54  8:04  Marine x2  
  56  8:08  Marauder  
  58  8:14  Medivac x2  
  62  8:20  High Capacity Fuel Tanks  
  62  8:21  Marine  
  62  8:22  Marine  
  64  8:29  Thor  
  64  8:30  Marauder  
  72  8:39  Marine x2  
  74  8:44  Medivac x2  
  78  8:51  Marauder  
  80  8:57  Marine x2  
  80  9:00  Terran Infantry Weapons Level 2  
  80  9:01  Terran Infantry Armor Level 2  
  82  9:12  Marauder  
  84  9:26  Medivac  
  86  9:35  Siege Tank, Medivac  
  86  9:36  Marauder  
  93  9:47  Terran Vehicle And Ship Armor Level 1  
  64  12:24  Marine x2  
  64  12:28  Marauder  
  68  12:33  Terran Infantry Weapons Level 3, Terran Infantry Armor Level 3  
  68  12:38  Terran Vehicle And Ship Armor Level 2  
  68  12:41  Siege Tank x2  
  68  12:42  Marine x2  
  68  12:44  Medivac x2  
  78  12:49  Marauder  
  82  13:00  Marine x2  
  84  13:11  Marauder  
  86  13:14  Medivac x2  
  86  13:17  Marine x2  
  68  13:32  Marauder  
  68  13:44  Medivac x2  
  70  13:53  Marauder  
  72  14:58  Marine x2  
  74  15:02  Marauder  
  76  15:16  Marine x2  
  78  15:23  Marauder  
  80  15:33  Marine  
  80  15:34  Marine  
  82  15:44  Marauder  
  84  15:51  Marine x2  
  86  16:06  Marauder  
  86  16:09  Marine x2  
  90  16:27  Marauder, Marine x2  
  94  16:45  Marine x2  
  96  16:49  Marauder  
  91  17:03  Marine x2  
  87  17:10  Marauder  
Show
View Real Time Build Order
Export as new Build Order

Zakur Protoss - Winner!

Build Orders:  

Get SALT Encoding   

  12  0:02  Probe (Chrono Boost)  
  14  0:19  Pylon  
  14  0:21  Probe (Chrono Boost)  
  14  0:38  Pylon  
  14  0:45  Probe (Chrono Boost), Gateway  
  15  0:51  Assimilator  
  15  0:55  Probe (Chrono Boost)  
  16  1:06  Probe (Chrono Boost)  
  17  1:16  Probe (Chrono Boost)  
  18  1:22  Assimilator  
  18  1:27  Probe (Chrono Boost)  
  19  1:37  Probe (Chrono Boost)  
  19  1:39  Gateway  
  20  1:41  Zealot  
  22  1:48  Probe (Chrono Boost)  
  23  2:01  Forge  
  23  2:07  Probe (Chrono Boost)  
  24  2:11  Cybernetics Core  
  24  2:17  Probe (Chrono Boost)  
  24  2:19  Zealot  
  27  2:34  Zealot  
  29  3:00  Zealot  
  31  3:06  Pylon  
  31  3:12  Protoss Shields Level 1 (Chrono Boost), Pylon  
  31  3:15  Pylon  
  31  3:19  Warp Gate (Chrono Boost)  
  31  3:24  Zealot  
  33  3:44  Zealot  
  35  3:51  Zealot  
  37  3:57  Pylon  
  37  4:08  Twilight Council  
  37  4:11  Zealot  
  39  4:18  Stargate  
  35  4:35  Stargate  
  33  4:59  Gateway  
  33  5:08  Stalker  
  33  5:09  Stalker  
  37  5:43  Nexus  
  37  5:53  Stalker x2  
  41  5:57  Void Ray x2  
  49  6:06  Probe  
  49  6:11  Zealot  
  52  6:18  Probe  
  53  6:21  Zealot x2  
  57  6:35  Assimilator  
  57  6:47  Assimilator  
  57  6:54  Probe  
  58  7:05  Probe  
  59  7:08  Void Ray  
  63  7:15  Probe  
  64  7:24  Photon Cannon  
  64  7:26  Probe  
  65  7:32  Photon Cannon  
  65  7:36  Probe  
  65  7:41  Photon Cannon  
  66  7:47  Probe  
  67  8:07  Probe  
  68  8:14  Void Ray  
  68  8:15  Void Ray  
  68  8:17  Probe  
  77  8:28  Probe  
  78  8:41  Pylon  
  78  8:48  Pylon  
  78  8:58  Probe  
  79  9:11  Protoss Shields Level 2, Protoss Air Armor Level 1 (Chrono Boost)  
  79  9:31  Void Ray  
  79  9:32  Void Ray  
  87  10:14  Void Ray  
  91  10:27  Pylon  
  91  10:29  Pylon  
  91  10:32  Pylon  
  91  10:35  Robotics Facility  
  91  10:45  Void Ray  
  91  10:49  Protoss Air Weapons Level 1 (Chrono Boost)  
  95  10:57  Void Ray  
  99  11:15  Stalker x3  
  105  11:26  Observer (Chrono Boost)  
  105  11:27  Void Ray  
  110  11:40  Void Ray  
  110  11:44  Stargate  
  110  11:46  Observer (Chrono Boost)  
  115  12:09  Nexus  
  115  12:23  Pylon  
  115  12:25  Pylon  
  115  12:28  Pylon  
  115  12:31  Pylon  
  115  12:40  Void Ray x2  
  123  12:54  Observer (Chrono Boost)  
  124  13:03  Void Ray  
  128  13:13  Fleet Beacon  
  96  14:44  Void Ray x2  
  96  14:45  Void Ray  
  92  15:13  Probe  
  93  15:25  Mothership Core  
  101  16:08  Void Ray x2 (Chrono Boost)  
  101  16:09  Void Ray (Chrono Boost)  
  113  16:12  Assimilator  
  113  16:15  Assimilator  
  113  16:51  Void Ray (Chrono Boost)  
  113  16:53  Void Ray (Chrono Boost)  
  121  17:02  Probe  
  122  17:12  Probe  
  127  17:30  Probe  
Show
View Real Time Build Order
Export as new Build Order

Duncan Protoss 

Build Orders:  

Get SALT Encoding   

  12  0:04  Probe (Chrono Boost)  
  13  0:34  Pylon  
  13  0:40  Pylon  
  13  0:43  Probe (Chrono Boost)  
  14  0:53  Gateway  
  14  0:54  Probe (Chrono Boost)  
  15  0:58  Assimilator  
  15  1:07  Gateway  
  15  1:22  Probe (Chrono Boost)  
  16  1:33  Probe (Chrono Boost)  
  17  1:46  Forge  
  17  1:59  Pylon  
  17  2:05  Cybernetics Core  
  17  2:10  Pylon  
  17  2:18  Assimilator  
  17  2:28  Gateway  
  17  2:53  Warp Gate (Chrono Boost)  
  17  3:05  Stargate  
  17  3:14  Stargate  
  17  3:36  Zealot  
  17  3:38  Zealot  
  17  3:39  Zealot  
  23  4:36  Nexus  
  23  4:53  Mothership Core  
  23  4:57  Fleet Beacon  
  25  5:00  Stalker  
  25  5:02  Stalker  
  25  5:04  Stalker  
  26  6:00  Probe  
  27  6:12  Probe  
  27  6:14  Probe  
  29  6:24  Probe x2  
  31  6:35  Probe  
  31  6:36  Probe  
  33  6:45  Probe  
  33  6:48  Probe  
  41  6:56  Probe  
  42  7:04  Protoss Shields Level 1  
  42  7:18  Probe  
  43  7:28  Probe  
  44  7:39  Probe  
  45  7:49  Probe  
  45  7:51  Stalker  
  48  7:53  Stalker  
  48  7:55  Stalker  
  52  8:00  Probe  
  53  8:23  Stalker  
  53  8:25  Stalker  
  53  8:27  Stalker  
  59  8:38  Assimilator  
  59  8:43  Assimilator  
  59  8:46  Probe  
  60  8:57  Probe  
  61  9:08  Probe  
  62  9:20  Pylon  
  62  9:22  Pylon  
  62  9:26  Pylon  
  62  9:28  Pylon  
  62  9:31  Pylon  
  62  9:32  Pylon  
  62  9:36  Pylon  
  62  9:37  Probe  
  62  9:44  Stalker  
  65  9:46  Stalker  
  65  9:47  Probe  
  65  9:48  Stalker  
  67  10:26  Probe  
  68  10:36  Probe  
  68  10:38  Tempest  
  68  10:41  Tempest  
  77  10:47  Probe  
  78  10:57  Probe  
  79  11:07  Protoss Air Weapons Level 1 (Chrono Boost)  
  79  11:08  Probe  
  79  11:11  Robotics Facility  
  80  11:12  Robotics Facility  
  80  11:15  Protoss Ground Armor Level 1 (Chrono Boost)  
  80  11:21  Tempest  
  80  11:24  Tempest  
  80  12:27  Tempest  
  80  12:29  Tempest  
  88  12:43  Protoss Air Armor Level 1  
  88  12:56  Stalker  
  88  12:58  Stalker, Protoss Ground Weapons Level 1 (Chrono Boost)  
  92  12:59  Stalker  
  94  13:10  Tempest  
  94  13:12  Tempest  
  30  14:14  Phoenix  
  30  14:16  Phoenix  
  21  14:39  Phoenix  
  21  14:41  Phoenix  
  25  15:19  Probe  
  26  15:25  Phoenix  
  26  15:28  Assimilator  
  28  15:31  Probe  
  28  15:32  Phoenix  
  31  15:43  Probe  
  32  15:50  Phoenix  
  32  15:55  Probe  
  35  15:57  Phoenix  
  37  16:07  Probe  
  38  16:15  Phoenix  
  40  16:19  Probe  
  40  16:22  Phoenix  
  34  16:40  Phoenix  
  33  16:47  Phoenix  
Show
View Real Time Build Order
Export as new Build Order

EdibleDXX Terran 

Build Orders:  

Get SALT Encoding   

  12  0:03  SCV  
  13  0:15  SCV  
  14  0:25  Supply Depot  
  14  0:27  SCV  
  15  0:34  Refinery  
  15  0:39  Refinery  
  15  0:46  SCV  
  16  0:55  Barracks  
  16  0:58  SCV  
  17  1:11  SCV  
  18  1:23  SCV  
  19  1:26  Supply Depot  
  19  1:35  SCV  
  20  1:54  Factory  
  20  1:59  Engineering Bay, Marine  
  21  2:12  Orbital Command  
  21  2:17  Marine  
  22  2:37  Terran Infantry Armor Level 1  
  22  2:46  Factory Tech Lab  
  22  2:52  Starport  
  22  2:53  Barracks Tech Lab  
  22  3:18  Widow Mine  
  24  3:25  Command Center  
  24  3:28  Marine  
  25  3:38  Starport Reactor  
  25  3:46  Widow Mine  
  25  3:48  Refinery  
  27  3:51  Supply Depot  
  27  3:55  Supply Depot  
  27  4:05  SCV  
  28  4:15  Armory, Widow Mine  
  29  4:38  Medivac x2  
  33  4:48  Orbital Command  
  33  4:57  Supply Depot  
  33  5:02  Siege Tank  
  36  5:08  Medivac  
  36  5:10  Sensor Tower  
  30  5:32  SCV  
  31  5:39  Siege Tank  
  34  5:44  SCV  
  35  5:56  SCV  
  36  6:10  Medivac  
  38  6:13  Marine  
  39  6:31  Missile Turret, Marine  
  40  6:37  Widow Mine  
  42  6:49  Marine  
  42  6:53  SCV  
  44  7:05  SCV, Widow Mine  
  44  7:06  Missile Turret, Marine  
  48  7:17  SCV  
  49  7:24  Marine  
  49  7:29  SCV  
  51  7:34  Widow Mine  
  53  7:41  SCV  
  54  8:02  Widow Mine  
  56  8:10  Liberator x2  
  56  8:17  SCV, Refinery  
  57  8:21  Marine  
  58  8:29  SCV  
  58  8:31  Widow Mine  
  67  8:39  Marine  
  68  8:41  SCV  
  69  8:53  SCV  
  70  8:58  Marine  
  70  8:59  Widow Mine  
  63  9:06  SCV  
  64  9:16  Marine  
  65  9:28  Widow Mine  
  67  9:34  Command Center, Marine  
  68  9:40  Supply Depot  
  68  9:44  Terran Vehicle And Ship Armor Level 1  
  67  9:57  Widow Mine  
  69  10:03  Supply Depot  
  69  10:21  Liberator x2  
  69  10:25  Widow Mine  
  69  10:27  Supply Depot  
  71  10:42  Barracks  
  77  10:51  Supply Depot  
  77  10:54  Widow Mine  
  79  11:04  Liberator x2  
  79  11:14  Missile Turret  
  79  11:15  Supply Depot  
  79  11:22  Widow Mine  
  75  11:38  Terran Vehicle Weapons Level 1  
  71  11:51  Widow Mine  
  68  12:33  Barracks Reactor  
  68  12:43  Orbital Command  
  68  12:46  Missile Turret  
  68  13:07  Missile Turret  
  68  13:41  Missile Turret  
  34  15:06  Marine x3  
  37  15:24  Marine x3  
  40  15:41  Viking x2, Marine  
  40  15:42  Marine x2  
  47  15:45  Refinery  
  47  15:59  Marine x3  
  50  16:11  Viking x2  
  50  16:17  Marine  
Tags
 
Add a new tag
Caveats
  • Supply blocks, unpowered buildings, or Contaminate may cause inaccurate times.
  • Supply counts are checked every 10 seconds.